 Dungeon Crawl Stone Soup version 0.31.0-32-g396128a36d (webtiles) character file.

Game seed: 5322649394025691414

168 Peloso the Covered (level 5, 0/70 HPs)
             Began as a Minotaur Fighter on Apr 23, 2024.
             Slain by a water moccasin (4 damage)
             ... on level 5 of the Dungeon.
             The game lasted 00:04:10 (2667 turns).

Peloso the Covered (Minotaur Fighter)               Turns: 2667, Time: 00:04:10

Health: 0/70       AC: 10    Str: 21    XL:     5   Next: 23%
Magic:  4/4        EV:  8    Int:  5    God:
Gold:   178        SH:  5    Dex: 11    Spells: 4/4 levels left

rFire   . . .        a - +0 long sword
rCold   . . .        d - +0 buckler
rNeg    . . .        c - +1 chain mail
rPois   .            (helmet restricted)
rElec   .            (no cloak)
rCorr   .            (no gloves)
SInv    .            (no boots)
Will    .....        (no amulet) Stlth
                     (no ring)
HPRegen 0.31/turn    (no ring)
MPRegen 0.09/turn

%: no passive effects
@: berserking, lethally poisoned (0 -> -11), very quick
A: horns 2, retaliatory headbutt
a: no special abilities


You were on level 5 of the Dungeon.
You visited 1 branch of the dungeon, and saw 5 of its levels.

You collected 178 gold pieces.

Inventory:

Hand Weapons
 a - a +0 long sword (weapon)
Armour
 b - a +0 scale mail
 c - a +1 chain mail (worn)
 d - a +0 buckler (worn)
Talismans
 e - a talisman of death
Wands
 p - a wand of paralysis (7)
Scrolls
 f - a scroll of poison {unknown}
 j - 2 scrolls of vulnerability {unknown}
Potions
 g - 3 potions of haste
 i - a potion of might
 l - 3 potions of mutation
 m - a potion of attraction {unknown}
 o - a potion of resistance {unknown}


   Skills:
 + Level 4.6 Fighting
 + Level 3.5 Long Blades
 + Level 5.0 Armour
 + Level 0.5 Dodging
 + Level 0.1 Stealth
 + Level 4.8 Shields


You had 4 spell levels left.
You didn't know any spells.
Your spell library contained the following spells:

 Spells                   Type           Power      Damage    Failure   Level
 Inner Flame              Hex/Fire       0%         N/A       100%        3
 Flame Wave               Conj/Fire      0%         2d4       100%        4
 Sticky Flame             Fire/Alch      0%         2d4       100%        4


Dungeon Overview and Level Annotations

Branches:
Dungeon (5/15)
 Temple: D:4-7

Altars:
Wu Jian

Shops:
D:2 *


Innate Abilities, Weirdness & Mutations

You have a pair of horns on your head.
You reflexively headbutt those who attack you in melee.


Message History

A water moccasin comes into view.
The water moccasin hisses angrily.
Found 18 gold pieces.
You block the water moccasin's attack.
You miss the water moccasin. The water moccasin barely misses you.
You miss the water moccasin.
Your headbutt misses the water moccasin.
The water moccasin bites you!
You are poisoned.
The water moccasin poisons you!
The water moccasin completely misses you.
You hit the water moccasin.
The water moccasin is lightly wounded.
You feel very sick. The water moccasin bites you.
You are more poisoned.
The water moccasin poisons you! The water moccasin bites you.
You slash the water moccasin!
The water moccasin is heavily wounded.
You feel extremely sick. The water moccasin bites you.
* * * LOW HITPOINT WARNING * * *
The water moccasin closely misses you.
You hit the water moccasin.
The water moccasin is heavily wounded.
* * * LOW HITPOINT WARNING * * *
You feel very sick. The water moccasin bites you.
* * * LOW HITPOINT WARNING * * *
The water moccasin closely misses you. You furiously retaliate!
You headbutt the water moccasin!
You feel better. The water moccasin bites you.
* * * LOW HITPOINT WARNING * * *
You are lethally poisoned!
The water moccasin poisons you!
A red film seems to cover your vision as you go berserk!
You feel yourself moving faster!
You feel mighty!
* * * LOW HITPOINT WARNING * * *
You feel very sick. The water moccasin bites you.
You die...

.$ .. #.##
#... #..#
#..#
###.S#
#...@#
#.##.# #
#.###..###
#.<...^...
#####.[...
... #


You could see a water moccasin.

Vanquished Creatures
  A jelly (D:4)
  A hound (D:4)
  A sleepcap (D:2)
  3 adders
  2 dart slugs
  2 orcs (D:4)
  4 ball pythons
  A bat (D:2)
  6 endoplasms
  2 giant cockroaches (D:3)
  6 goblins
  2 hobgoblins
  9 jackals
  A quokka (D:2)
  3 frilled lizards (D:1)
  2 kobolds (D:4)
  A rat (D:1)
47 creatures vanquished.

Notes
Turn   | Place    | Note
-------+----------+-------------------------------------------
     0 | D:1      | Peloso the Minotaur Fighter began the quest for the Orb.
     0 | D:1      | Reached XP level 1. HP: 19/19 MP: 0/0
   188 | D:1      | Reached XP level 2. HP: 25/27 MP: 1/1
   697 | D:2      | Found a faded altar of an unknown god.
   788 | D:2      | Reached XP level 3. HP: 31/33 MP: 2/2
   795 | D:2      | Reached skill level 4 in Armour
  1143 | D:2      | Reached XP level 4. HP: 30/41 MP: 3/3
  1195 | D:2      | Found Muusish's General Store.
  1587 | D:3      | Identified the staff "Rimoi" {^Contam +Blink Stlth+ Conj
                  | Ice}
  1852 | D:3      | Found an ornate altar of the Wu Jian Council.
  2487 | D:4      | Reached XP level 5. HP: 47/47 MP: 4/4
  2557 | D:4      | Reached skill level 5 in Armour
  2656 | D:5      | Entered Level 5 of the Dungeon
  2658 | D:5      | Noticed a water moccasin
  2667 | D:5      | Slain by a water moccasin

Illustrated notes

Levels and vault maps discovered:
D:1:      minmay_arrival_four_circles, layout_basic, nicolae_the_louvre
D:2:      layout_loops_ring, serial_shops, nicolae_shop_tiny_glass,
          hellmonk_ecumenical_altar_run_dry
D:3:      layout_basic, nicolae_wu_jian_immortal_techniques
D:4:      layout_loops_ring
D:5:      layout_loops_ring, nicolae_overflow_quartered_altars

Skill      XL: |  1  2  3  4  5 |
---------------+----------------+-----
Shields        | 4 |  4.8
Fighting       | 4 |  4.6
Armour         | 4 5 |  5.0
Long Blades    | 3 |  3.5
Dodging        | |  0.5
Stealth        | |  0.1

Action                     |  1- 3 |  4- 6 || total
---------------------------+-------+-------++-------
  Melee: Long sword        |    63 |    60 ||   123
         Headbutt          |     6 |    11 ||    17
    Use: Scroll            |     2 |     6 ||     8
         Potion            |       |     3 ||     3
 Armour: Scale mail        |    37 |       ||    37
         Chain mail        |    20 |    45 ||    65
  Dodge: Dodged            |    27 |    28 ||    55
  Block: Buckler           |    12 |    11 ||    23
